AoeStats
← Simple Jack, u mad?

Black Forest

506627102Analyzed
4v4 RM · 19d ago on Sep 14, 2026· 42m 44s· 8 players
Game mode
Random Map
Map size
Large (8 player)
Population
200
Speed
Normal
Resources
Standard
Victory
Conquest
Starting age
Dark Age
Ending age
Imperial Age
RankedLock teamsTeams togetherTeam positionsShared explorationLock speedFull tech treeHidden civsTurbo modeCheats
Victory
Defeat
🇭🇰 Burmese · Hong Kong SAR China
1694
+14
🇨🇳 Romans · China
1686
+14
🇻🇳 Celts · Vietnam
1668
+15
🇦🇷 Inca · Argentina
1650
+16
🇹🇷 Chinese · Türkiye
1683
-16
🇨🇳 Shu · China
1679
-16
🇸🇪 Malay · Sweden
1627
-14
🇨🇳 Vikings · China
1593
-13
倒挂着的树枝
1:31 Loom
12:46 Feudal Age
14:25 Fletching
16:26 Champi Runner
18:16 Double-Bit Axe
18:12 Horse Collar
21:27 Horse Collar
22:44 Town Watch
28:45 Wheelbarrow
34:59 Castle Age
34:27 Padded Archer Armor
35:08 Crossbowman
36:02 Bow Saw
35:53 Heavy Plow
35:52 Bodkin Arrow
38:04 Gold Mining
38:14 Stone Mining
38:25 Guard Tower
38:58 Ballistics
39:14 Thumb Ring
色狼英雄传
2:09 Loom
17:42 Feudal Age
22:19 Castle Age
20:54 Horse Collar
27:03 Fishing Lines
29:25 Wheelbarrow
28:56 Stone Mining
28:57 Gold Mining
29:16 Gillnets
31:07 Gold Shaft Mining
30:50 Hand Cart
30:21 Town Watch
36:23 Imperial Age
35:52 Padded Archer Armor
37:03 Scale Barding Armor
37:51 Conscription
37:33 Howdah
37:10 Elite Battle Elephant
38:12 Chain Barding Armor
38:45 Bloodlines
38:36 Husbandry
39:47 Plate Barding Armor
39:22 Forging
41:59 Iron Casting
41:50 Heavy Plow
43:40 Blast Furnace
十大地方
11:00 Feudal Age
12:30 Double-Bit Axe
14:56 Castle Age
13:29 Horse Collar
22:01 Scale Barding Armor
22:19 Forging
24:17 Wheelbarrow
23:28 Loom
27:11 Gold Mining
29:02 Bloodlines
29:26 Chain Barding Armor
33:31 Imperial Age
35:09 Iron Casting
35:51 Bow Saw
36:26 Plate Barding Armor
35:18 Cavalier
36:44 Hand Cart
36:16 Town Watch
37:42 Ballistics
38:30 Blast Furnace
37:21 Fletching
38:16 Heavy Scorpion
39:39 Heavy Plow
39:42 Capped Ram
40:39 Stone Mining
42:10 Bodkin Arrow
42:26 Siege Engineers
42:35 Light Cavalry
43:16 Husbandry
Tam nsnd
9:02 Loom
11:42 Feudal Age
15:54 Castle Age
14:19 Double-Bit Axe
16:29 Fishing Lines
17:31 Bow Saw
20:12 Horse Collar
21:17 Gillnets
21:30 Heavy Plow
22:43 Wheelbarrow
24:27 Hand Cart
24:20 Town Watch
24:31 Gold Mining
24:31 Stone Mining
29:36 Imperial Age
27:57 Pikeman
28:59 Scale Mail Armor
29:39 Onager
29:41 Halberdier
31:23 Chain Mail Armor
31:19 Forging
32:02 Ballistics
33:18 Gold Shaft Mining
32:27 Capped Ram
33:17 Siege Ram
33:54 Heavy Scorpion
36:03 Siege Engineers
36:36 Conscription
36:54 Furor Celtica
37:49 Chemistry
38:36 Iron Casting
39:23 Plate Mail Armor
39:34 Caravan
40:04 Coinage
39:45 Guilds
CNZS_HiFive
4:27 Loom
11:46 Feudal Age
13:02 Double-Bit Axe
15:28 Castle Age
15:18 Horse Collar
21:11 Pikeman
24:44 Scale Mail Armor
26:09 Chain Mail Armor
26:52 Fletching
27:07 Crossbowman
28:10 Forging
28:40 Thumb Ring
30:12 Ballistics
30:28 Bodkin Arrow
33:44 Wheelbarrow
38:37 Imperial Age
36:45 Wheelbarrow
39:21 Bracer
40:22 Chemistry
38:45 Arbalester
39:45 Town Watch
42:20 Conscription
Simple Jack, u mad?
1:08 Loom
11:29 Feudal Age
13:56 Double-Bit Axe
18:27 Castle Age
拉拉机
11:47 Feudal Age
15:26 Castle Age
13:22 Horse Collar
13:31 Double-Bit Axe
13:49 Fishing Lines
17:59 Gold Mining
19:32 Scale Mail Armor
19:27 Fletching
22:30 Bodkin Arrow
24:15 Loom
25:31 Forging
26:17 Bow Saw
25:51 Horse Collar
26:05 Gillnets
27:16 Iron Casting
27:46 Chain Mail Armor
27:56 Devotion
29:36 Town Watch
30:21 Squires
34:22 Imperial Age
32:35 Stone Mining
33:20 Gold Shaft Mining
36:01 Conscription
35:43 Bogsveigar
35:19 Capped Ram
36:32 Bracer
36:32 Padded Archer Armor
37:36 Blast Furnace
37:07 Plate Mail Armor
38:57 Chemistry
38:55 Bracer
38:36 Elite Berserk
40:09 Ballistics
39:23 Cavalier
39:50 Pikeman
Apep
0:28 Loom
17:26 Feudal Age
27:20 Castle Age
25:34 Fishing Lines
26:13 Double-Bit Axe
27:51 Gold Mining
28:23 Bow Saw
31:55 Wheelbarrow
34:55 Stone Mining
37:52 Imperial Age
36:14 Fletching
37:20 Fletching
38:04 Heavy Rocket Cart
39:17 Rocketry
40:14 Chemistry
Connection lost

Rejoining the realm…

Still unreachable

The connection could not be restored.

Session expired

The server has moved on; the page needs a fresh start.